 Dungeon Crawl Stone Soup version 0.25-a0-503-ge281fa673e (webtiles) character file.

Game seed: 11754501047648589439, levelgen mode: deterministic

2790 kae the Martial Artist (level 9, 0/83 HPs)
             Began as a Demonspawn Gladiator on Feb 13, 2020.
             Slain by a wight
             ... wielding a +4 flail
              (9 damage)
             ... on level 7 of the Dungeon.
             The game lasted 00:05:51 (6768 turns).

kae the Martial Artist (Demonspawn Gladiator)       Turns: 6768, Time: 00:05:52

Health: 0/83       AC:  5    Str: 15    XL:     9   Next: 43%
Magic:  0/9        EV: 12    Int: 14    God:
Gold:   339        SH:  4    Dex: 17    Spells: 8/8 levels left

rFire    + . .     SeeInvis .     - Unarmed
rCold    . . .     Gourm    .   (no shield)
rNeg     . . .     Faith    .   a - +0 leather armour
rPois    +         Spirit   +   (helmet restricted)
rElec    .         Reflect  .   o - +1 cloak
rCorr    .         Harm     .   (no gloves)
MR       .....     Clarity  +   (no boots)
Stlth    ++........             x - amulet of guardian spirit
HPRegen  0.23/turn              f - ring of poison resistance
MPRegen  0.11/turn              k - +4 ring of intelligence

@: about to teleport, heavily drained
A: claws 1, horns 1, large bone plates 1, camouflage 1, clarity, deterioration
1, fire resistance 1, powered by death 2, robust 1, flame cloud immunity
a: no special abilities


You were on level 7 of the Dungeon.
You were not hungry.

You visited 2 branches of the dungeon, and saw 8 of its levels.

You collected 339 gold pieces.

Inventory:

Missiles
 c - 5 throwing nets (quivered)
Armour
 a - a +0 leather armour (worn)
 b - a +0 helmet
 o - a +1 cloak (worn)
Jewellery
 f - a ring of poison resistance (left claw)
 i - an uncursed ring of magical power
 k - a +4 ring of intelligence (right claw)
 w - an uncursed amulet of faith
 x - an amulet of guardian spirit (around neck)
Wands
 j - a wand of polymorph (9)
 q - a wand of random effects (12)
 u - a wand of flame (38)
 y - a wand of digging (2)
Scrolls
 e - a scroll of magic mapping
 l - 3 scrolls of identify
 m - 2 scrolls of blinking
 n - a scroll of amnesia
 t - a scroll of remove curse
 v - a scroll of enchant weapon
Potions
 h - 2 potions of brilliance
 p - a potion of mutation
 s - 5 potions of curing
Comestibles
 d - 9 rations
 z - 3 chunks of flesh


   Skills:
 + Level 9.0(7.3) Fighting
 - Level 1.8(0.5) Throwing
 - Level 3.0(1.6) Dodging
 * Level 11.4(9.6) Unarmed Combat


You had 8 spell levels left.
You didn't know any spells.
Your spell library was empty.

Dungeon Overview and Level Annotations

Branches:
Dungeon (7/15)             Temple (1/1) D:5

Altars:
Cheibriados
Dithmenos
Elyvilon
Fedhas
Gozag
Kikubaaqudgha
Qazlal
Ru
Sif Muna
Trog
Uskayaw
Yredelemnul
Zin
The Shining One

Annotations:
D:7 Menkaure


Innate Abilities, Weirdness & Mutations

You have sharp fingernails.
You are partially covered in large bone plates. (SH +4)
Your flesh is heat resistant. (rF+)
You regenerate health from kills.
You are immune to clouds of flame.
You have a pair of small horns on your head.
Your skin changes colour to match your surroundings (Stealth+).
You possess an exceptional clarity of mind.
Your body sometimes deteriorates upon taking damage.
You are robust. (+10% HP)


Message History

As you read the scroll of teleportation, it crumbles to dust.
You feel strangely unstable. The wight barely misses you.
The wight hits you but does no damage. The wight barely misses you.
You scratch the wight.
The wight is lightly damaged.
The wight hits you with a cursed +3 halberd.
You feel drained. The wight hits you with a +4 flail!
* * * LOW HITPOINT WARNING * * *
You feel drained.
* * * LOW HITPOINT WARNING * * *
You barely miss the wight. Your claw misses the wight.
The wight is lightly damaged.
The wight hits you with a +0 falchion.
You feel drained.
The wight hits you with a cursed +3 halberd!
* * * LOW HITPOINT WARNING * * *
You closely miss the wight. You headbutt the wight.
The wight is moderately damaged.
The wight hits you with a +4 flail!
You die...

##.#######.##
............# .##
##..#####.#.####.## .
##..# #.....##....#.# .
##..###..............z
#................##.##.
#..#.#.........#....?z.
.....#.........zz##.
...###.##......#@#
.............#.#z#
(>####.##.#..#$#z#
...............#MS.....z
....(...####.###.#>.%S..
#.####... #. #.##.#...
#.# ## .#. .# .. #.# # #
? #.# .


You could see Menkaure, 4 wights and an adder.

Vanquished Creatures
  Pikel (D:5)
  Prince Ribbit (D:5)
  A hippogriff (D:7)
  A hungry ghost (D:6)
  A water moccasin (D:7)
  2 black bears (D:7)
  A slave (D:5)
  2 ogres (D:6)
  A centaur (D:6)
  3 bullfrogs
  Blork the orc (D:5)
  A wyvern skeleton (D:7)
  2 scorpions (D:6)
  3 wights (D:6)
  3 crimson imps
  A bullfrog zombie (D:5)
  2 hounds (D:4)
  2 orc priests
  A centaur skeleton (D:5)
  4 orc wizards
  3 worker ants
  A hound skeleton (D:5)
  A worker ant zombie (D:7)
  6 gnolls
  3 adders
  An ooze (D:4)
  A leopard gecko (D:3)
  26 orcs
  2 ball pythons (D:2)
  9 goblins
  A hobgoblin (D:2)
  7 jackals
  3 quokkas
  A bat (D:3)
  5 frilled lizards
  A kobold (D:3)
  A rat (D:2)
  A spectral orc (D:6)
107 creatures vanquished.

Vanquished Creatures (others)
  A slave (D:5)
  An ogre (D:5)
  5 orcs (D:5)
  2 giant cockroaches (D:5)
9 creatures vanquished.

Grand Total: 116 creatures vanquished

Notes
Turn   | Place    | Note
-------+----------+-------------------------------------------
     0 | D:1      | kae the Demonspawn Gladiator began the quest for the Orb.
     0 | D:1      | Reached XP level 1. HP: 16/16 MP: 1/1
   765 | D:2      | Gained mutation: Your flesh is heat resistant. (rF+)
                  | [demonic ancestry]
   765 | D:2      | Reached XP level 2. HP: 7/22 MP: 2/2
   766 | D:2      | Gained mutation: You are clumsy. (Dex -2) [potion of
                  | mutation]
   766 | D:2      | Gained mutation: Your skin changes colour to match your
                  | surroundings (Stealth+). [potion of mutation]
   772 | D:2      | HP: 1/22 [jackal (1)]
  1065 | D:2      | Lost mutation: You are clumsy. (Dex -2) [potion of
                  | mutation]
  1065 | D:2      | Gained mutation: Your body sometimes deteriorates upon
                  | taking damage. [potion of mutation]
  1065 | D:2      | Gained mutation: You are robust. (+10% HP) [potion of
                  | mutation]
  1065 | D:2      | Gained mutation: You have a pair of small horns on your
                  | head. [potion of mutation]
  1065 | D:2      | Gained mutation: You possess an exceptional clarity of
                  | mind. [potion of mutation]
  1101 | D:2      | Reached skill level 3 in Unarmed Combat
  1234 | D:2      | Found a hide-covered altar of Uskayaw.
  1790 | D:2      | Gained mutation: You are immune to clouds of flame.
                  | [demonic ancestry]
  1790 | D:2      | Reached XP level 3. HP: 21/30 MP: 3/3
  2069 | D:2      | Reached XP level 4. HP: 26/37 MP: 4/4
  2165 | D:3      | Reached skill level 4 in Unarmed Combat
  2616 | D:3      | Found a bloodstained altar of Trog.
  3014 | D:4      | Reached skill level 9 in Unarmed Combat
  3014 | D:4      | Gained mutation: You are partially covered in large bone
                  | plates. (SH +4) [demonic ancestry]
  3014 | D:4      | Reached XP level 5. HP: 13/52 MP: 5/5
  3021 | D:4      | HP: 2/52 [something (2)]
  3331 | D:4      | Gained mutation: You have sharp fingernails. [demonic
                  | ancestry]
  3331 | D:4      | Reached XP level 6. HP: 53/60 MP: 6/6
  3884 | D:5      | Entered Level 5 of the Dungeon
  3945 | D:5      | Noticed a slave
  3945 | D:5      | Noticed a slave
  3946 | D:5      | Noticed Pikel
  3947 | D:5      | Noticed a slave
  3962 | D:5      | Killed Pikel
  3962 | D:5      | Reached skill level 10 in Unarmed Combat
  3962 | D:5      | Gained mutation: You regenerate a little health from kills.
                  | [demonic ancestry]
  3962 | D:5      | Reached XP level 7. HP: 57/67 MP: 7/7
  4124 | D:5      | Noticed Blork the orc
  4138 | D:5      | Killed Blork the orc
  4611 | D:5      | Found a staircase to the Ecumenical Temple.
  4614 | D:5      | Gained mutation: You regenerate health from kills. [demonic
                  | ancestry]
  4614 | D:5      | Reached XP level 8. HP: 74/74 MP: 8/8
  4623 | Temple   | Entered the Ecumenical Temple
  5188 | D:5      | Noticed Prince Ribbit
  5205 | D:5      | Killed Prince Ribbit
  5401 | D:5      | Found a glowing golden altar of the Shining One.
  5765 | D:6      | Found a shadowy altar of Dithmenos.
  5932 | D:6      | Reached skill level 11 in Unarmed Combat
  6218 | D:6      | Reached XP level 9. HP: 69/82 MP: 9/9
  6267 | D:6      | Found a basalt altar of Yredelemnul.
  6755 | D:7      | Noticed Menkaure
  6768 | D:7      | Slain by a wight

Levels and vault maps discovered:
D:1:      psy_arrival_spokes, layout_loops_ring
D:2:      layout_loops_ring, lemuel_round_altar, first_ration
D:3:      layout_rooms, lemuel_round_altar
D:4:      layout_gridville
D:5:      layout_gridville, nicolae_tso_swordbearing_angel,
          minmay_temple_entry_waves, uniq_prince_ribbit1, uniq_pikel,
          uniq_blork_the_orc, uniq_edmund
D:6:      layout_basic, yredelemnul_forgotten_temple_becter, basic_altar
D:7:      layout_loops_ring, uniq_menkaure
Temple:   jpeg_temple_island

Skill      XL: |  1  2  3  4  5  6  7  8  9 |
---------------+----------------------------+-----
Unarmed Combat | 3 9 10 11 | 11.4
Dodging        | 3 |  3.0
Fighting       | 7 8 9 |  9.0
Throwing       | |  1.8

Action                   |  1- 3 |  4- 6 |  7- 9 || total
-------------------------+-------+-------+-------++-------
Melee: Unarmed           |    92 |   148 |   185 ||   425
       Punch             |     3 |     4 |     6 ||    13
       Headbutt          |     5 |    23 |    44 ||    72
  Use: Potion            |     4 |     1 |     1 ||     6
       Scroll            |       |    10 |     4 ||    14
 Stab: Sleeping          |     3 |     4 |     7 ||    14
  Eat: Chunk             |     3 |     7 |     8 ||    18
       Ration            |       |       |     1 ||     1
Armor: Leather armour    |    26 |    32 |    28 ||    86
Dodge: Dodged            |    75 |    81 |    71 ||   227
Block: Other             |       |     7 |    18 ||    25

Table legend:
 A = Non-vault XP
 B = Vault XP
 C = Vault XP percentage of total XP
 D = Non-vault monster count
 E = Vault monster count
 F = Vault count percentage of total count
                 A         B        C        D         E       F
            +---------+---------+-------+---------+---------+-------
      Total |    2831 |     985 |  25.8 |     102 |       4 |   3.8
            +---------+---------+-------+---------+---------+-------
        D:1 |       7 |       0 |   0.0 |       4 |       0 |   0.0
        D:2 |      89 |       0 |   0.0 |      15 |       0 |   0.0
        D:3 |      78 |       0 |   0.0 |      18 |       0 |   0.0
        D:4 |     223 |       0 |   0.0 |      14 |       0 |   0.0
        D:5 |     273 |     984 |  78.3 |      10 |       3 |  23.1
        D:6 |    1174 |       1 |   0.1 |      24 |       1 |   4.0
        D:7 |     987 |       0 |   0.0 |      17 |       0 |   0.0
            +---------+---------+-------+---------+---------+-------
